 Dungeon Crawl Stone Soup version 0.24.0-13-gcf9b319 (webtiles) character file.

Game seed: 3879098144718152870, levelgen mode: deterministic

135 Fang the Skirmisher (level 5, -4/33 HPs)
             Began as a Gargoyle Berserker on Dec 9, 2019.
             Was a Believer of Trog.
             Slain by Sigmund
             ... wielding a +0 scythe
              (9 damage)
             ... on level 3 of the Dungeon.
             The game lasted 00:03:31 (1984 turns).

Fang the Skirmisher (Gargoyle Berserker)            Turns: 1984, Time: 00:03:32

Health: -4/33      AC:  6    Str: 22    XL:     5   Next: 18%
Magic:  5/5        EV: 12    Int:  7    God:    Trog [**....]
Gold:   128        SH:  0    Dex:  9    Spells: 4/4 levels left

rFire    . . .     SeeInvis .   a - +0 hand axe
rCold    . . .     Gourm    .   (no shield)
rNeg     + . .     Faith    .   b - +0 animal skin
rPois    ∞         Spirit   .   (no helmet)
rElec    +         Reflect  .   (no cloak)
rCorr    .         Harm     .   (no gloves)
MR       ++...                  (no boots)
Stlth    +.........             (no amulet)
HPRegen  1.11/turn              (no ring)
MPRegen  0.09/turn              (no ring)

@: berserk cooldown, regenerating, slowed, very slow
A: negative energy resistance 1, electricity resistance, unbreathing,
petrification resistance, rot immunity, AC +4
a: Berserk, Trog's Hand, Renounce Religion


You were on level 3 of the Dungeon.
You worshipped Trog.
Trog was pleased with you.
You were near starving.

You visited 1 branch of the dungeon, and saw 3 of its levels.

You collected 128 gold pieces.

Inventory:

Hand Weapons
 a - a +0 hand axe (weapon)
Armour
 b - a +0 animal skin (worn)
Scrolls
 g - a scroll of immolation {unknown}
 j - a scroll of amnesia {unknown}
Potions
 e - 2 potions of might {unknown}
 f - a potion of lignification {unknown}
 h - a potion of berserk rage {unknown}
 i - 2 potions of cancellation {unknown}
Comestibles
 c - 10 rations


   Skills:
 + Level 4.2 Fighting
 + Level 3.4 Axes
 + Level 3.4 Armour
 + Level 2.4 Dodging


You had 4 spell levels left.
You didn't know any spells.
Your spell library was empty.

Dungeon Overview and Level Annotations

Branches:
Dungeon (3/15)

Altars:
Hepliaklqana
Nemelex Xobeh
Xom

Annotations:
D:3 Sigmund


Innate Abilities, Weirdness & Mutations

You are resistant to torment.
Your stone body is resilient. (AC +4)
You are immune to poison.
You resist negative energy. (rN+)
You are resistant to electric shocks. (rElec)
You can survive without breathing.
You are immune to petrification.
You are immune to rotting.


Message History

The adder bites you.
* * * LOW HITPOINT WARNING * * *
Something hits you.
* * * LOW HITPOINT WARNING * * *
The adder bites you but does no damage. Something hits you but does no damage.
The adder bites you but does no damage.
You miss something. You hit the bat. You barely miss the adder.
You feel the effects of Trog's Hand fading.
The bat hits you but does no damage. The adder barely misses you.
Something hits you but does no damage. The adder closely misses you.
You closely miss something. You barely miss the adder.
The bat hits you but does no damage. The adder bites you but does no damage.
Something hits you.
* * * LOW HITPOINT WARNING * * *
The adder barely misses you.
You closely miss something. You closely miss the bat. You hit the adder.
The bat hits you but does no damage. The bat hits you.
* * * LOW HITPOINT WARNING * * *
The adder closely misses you. Something hits you!
You die...

####.. #....# ## #....#
.# #....# ##.######
#....# #####........
#....# #...#........
#....# #..b#........
#####....####...#S.......
..........)†....@........
####.#####)##...#.$......
#.... ....#####........
#..###+###.# ###......
#.. .# ...... #.. ..
...... #.. ... ...!. #..
.#. .#.##


You could see an adder and a bat.

Vanquished Creatures
  An orc priest (D:3)
  An orc wizard (D:3)
  An adder (D:3)
  A worm (D:2)
  2 dart slugs
  2 leopard geckos
  7 orcs (D:3)
  4 ball pythons
  A giant cockroach (D:3)
  8 goblins
  A hobgoblin (D:1)
  7 kobolds
  8 bats
  5 frilled lizards
  8 rats
57 creatures vanquished.

Notes
Turn   | Place    | Note
-------+----------+-------------------------------------------
     0 | D:1      | Fang the Gargoyle Berserker began the quest for the Orb.
     0 | D:1      | Reached XP level 1. HP: 14/14 MP: 1/1
    72 | D:1      | Reached XP level 2. HP: 5/19 MP: 2/2
   517 | D:1      | Reached XP level 3. HP: 22/23 MP: 3/3
   528 | D:1      | Reached ** piety under Trog
   992 | D:2      | Found a shimmering altar of Xom.
   993 | D:2      | Found a hazy altar of Hepliaklqana.
   993 | D:2      | Noticed an earth elemental
   994 | D:2      | Noticed an earth elemental
   994 | D:2      | Noticed a spectral ugly thing
  1038 | D:2      | Found a sparkling altar of Nemelex Xobeh.
  1590 | D:3      | Reached XP level 4. HP: 14/29 MP: 4/4
  1595 | D:3      | Reached skill level 4 in Fighting
  1953 | D:3      | Reached XP level 5. HP: 21/33 MP: 5/5
  1972 | D:3      | Noticed Sigmund
  1981 | D:3      | HP: 1/33 [something (4)]
  1984 | D:3      | Slain by Sigmund

Levels and vault maps discovered:
D:1:      dpeg_arrival_short_road, layout_basic, serial_bayou,
          serial_bayou_lake_a, serial_bayou_pond_d, serial_bayou_pond_e,
          serial_bayou_lagoon_a
D:2:      layout_loops_ring, regret_index_temple_of_mockery,
          nemelex_xobeh_ov_fountains_minmay, first_ration
D:3:      layout_basic, lemuel_doored_altar, uniq_sigmund, uniq_grinder

Skill      XL: |  1  2  3  4 |
---------------+-------------+-----
Axes           | 3 |  3.4
Dodging        | 2 |  2.4
Armour         | 3 |  3.4
Fighting       | 4 |  4.2

Action                   |  1- 3 |  4- 6 || total
-------------------------+-------+-------++-------
Melee: Hand axe          |   146 |    29 ||   175
Invok: Berserk           |     1 |     1 ||     2
       Trog's Hand       |       |     1 ||     1
  Eat: Chunk             |     2 |     2 ||     4
Armor: Animal skin       |    72 |    25 ||    97
Dodge: Dodged            |   109 |    24 ||   133
